 Dungeon Crawl Stone Soup version 0.19-a0-1907-gcff654f (webtiles) character file.

10019 JeffiDaFish the Cleaver (level 11, -8/142 HPs)
             Began as a Hill Orc Fighter on Oct 22, 2016.
             Was an Elder of Beogh.
             Mangled by an ogre
             ... wielding a +0 giant club
              (17 damage)
             ... on level 1 of the Orcish Mines.
             The game lasted 00:31:56 (9698 turns).

JeffiDaFish the Cleaver (Hill Orc Fighter)          Turns: 9698, Time: 00:31:57

Health: -8/142     AC: 16    Str: 27    XL:     11   Next: 55%
Magic:  17/20      EV:  8    Int: 11    God:    Beogh [****..]
Gold:   525        SH: 18    Dex: 19    Spells: 1 memorised, 21 levels left

rFire  . . .     SeeInvis +     s - +5 war axe "Fyhathrist" {elec, -Tele MR+++ Int-3 Dex+8}
rCold  . . .     Gourm    .     g - +0 chain mail {rPois}
rNeg   . . .     Faith    .     c - +0 shield
rPois  +         Spirit   .     n - +2 helmet {SInv}
rElec  .         Reflect  +     (no cloak)
rCorr  .         Harm     .     j - +1 pair of gloves
MR     +++..     NoTele   +     (no boots)
Stlth  ..........               q - +6 amulet of reflection
                                (no ring)
                                k - +6 ring of intelligence

@: berserking, very slightly contaminated, drained, very quick
A: no striking features
a: Smiting, Recall Orcish Followers, Renounce Religion


You were on level 1 of the Orcish Mines.
You worshipped Beogh.
Beogh was greatly pleased with you.
You were not hungry.

You visited 2 branches of the dungeon, and saw 13 of its levels.

You collected 805 gold pieces.
You spent 280 gold pieces at shops.

Inventory:

Hand Weapons
 a - a +1 war axe
 s - the +5 war axe "Fyhathrist" (weapon) {elec, -Tele MR+++ Int-3 Dex+8}
   (You found it on level 5 of the Dungeon)

   Occasionally, upon striking a foe, it will discharge some electrical energy
   and cause terrible harm.
   It affects your intelligence (-3).
   It affects your dexterity (+8).
   It affects your resistance to hostile enchantments.
   It prevents most forms of teleportation.
Armour
 c - a +0 shield (worn)
 g - a +0 chain mail of poison resistance (worn)
 j - a +1 pair of gloves (worn)
 n - a +2 helmet of see invisible (worn)
Jewellery
 k - a +6 ring of intelligence (left hand)
 q - a +6 amulet of reflection (around neck)
Wands
 p - a wand of acid (8/15)
Scrolls
 o - 6 scrolls of identify
 v - 4 scrolls of remove curse
 x - 3 scrolls of teleportation
 y - 3 scrolls of recharging
Potions
 b - a potion of flight
 d - 2 potions of might
 e - a potion of haste
 t - 3 potions of curing
 w - a potion of beneficial mutation
 z - a potion of heal wounds
 C - a potion of berserk rage
Books
 l - a book of Cantrips

   Spells                             Type                      Level
   a - Confusing Touch                Hexes                        1
   b - Animate Skeleton               Necromancy                   1
   c - Summon Small Mammal            Summoning                    1
   d - Apportation                    Translocation                1
Miscellaneous
 B - a lamp of fire
Comestibles
 f - 8 bread rations
 h - 5 beef jerkies
 i - 6 meat rations
 m - 16 chunks of flesh
 u - 5 slices of pizza


   Skills:
 + Level 8.5(8.1) Fighting
 + Level 11.6(11.2) Axes
 + Level 7.9(7.6) Armour
 - Level 1.2(0.9) Dodging
 - Level 0.5(0.2) Stealth
 + Level 8.8(8.4) Shields
 * Level 6.1(5.8) Spellcasting
 + Level 5.6(5.3) Necromancy


You had 21 spell levels left.
You knew the following spells:

 Your Spells              Type           Power        Failure   Level  Hunger
a - Animate Skeleton      Necr           N/A          30%         1    None


Dungeon Overview and Level Annotations

Branches:
Dungeon (11/15)            Temple (0/1) D:5             Orc (2/2) D:11
   Lair: D:8-11         Elf: Orc:2

Altars:
Ashenzari
Dithmenos
Qazlal
Sif Muna
Vehumet
Yredelemnul
Beogh

Shops:
D:4 (   D:6 %:*   Orc:2 ([


Message History

* * * LOW HITPOINT WARNING * * *
The troll bites your deep troll skeleton!
The troll claws your deep troll skeleton.
The troll claws your deep troll skeleton!
You block the ogre's attack.
Your deep troll skeleton bites the troll!
Your deep troll skeleton claws the troll.
Your deep troll skeleton barely misses the troll.
The two-headed ogre hits your troll skeleton with a giant spiked club!
The two-headed ogre hits your troll skeleton with a giant club.
A red film seems to cover your vision as you go berserk!
You feel yourself moving faster!
You feel mighty!
Your ogre skeleton barely misses the troll.
You block the two-headed ogre's attack. x2
Your troll skeleton bites the two-headed ogre.
Your troll skeleton claws the two-headed ogre but does no damage.
Your troll skeleton claws the two-headed ogre!
Your deep troll skeleton barely misses the troll. x3
The ogre hits you with a giant club!
You die...

##.........#
##..........###
##.............#
#.............###
#...............##
##.......###......##
#......#####.....#.#
##.......#......####
##...O@##.......#
#....OO........##
####.)ZTZ...####
#)OOZ...##
#...Z....#
###......# #.#..###
###..# ####


You could see a troll, 3 two-headed ogres, 2 ogres, 2 friendly ogre skeletons, a
friendly troll skeleton and a friendly deep troll skeleton.

Vanquished Creatures
  A tengu warrior (D:11)
  A hill giant (Orc:1)
  An orc knight (Orc:1)
  The ghost of Disciple the Destroyer, a novice DrCj (D:6)
  An ugly thing (D:11)
  Maurice (D:11)
  3 trolls (Orc:1)
  A hornet (D:10)
  Prince Ribbit (D:7)
  A two-headed ogre (Orc:1)
  A hippogriff (D:7)
  A spriggan (D:7)
  A vampire (D:11)
  A basilisk (shapeshifter) (D:11)
  A hungry ghost (D:4)
  An ice beast (D:9)
  5 orc warriors
  2 sky beasts
  A necrophage (D:9)
  13 ogres
  3 centaurs
  4 bullfrogs
  3 scorpions
  8 killer bees
  5 wights (D:9)
  A howler monkey (D:5)
  4 crimson imps
  The ghost of Vibarexel the Firebug, a weakling DEFE (D:3)
  A bullfrog zombie (D:5)
  A centaur zombie (D:4)
  3 hounds
  A jelly (D:6)
  5 orc priests
  4 iguanas
  12 orc wizards
  4 worker ants
  A hound skeleton (D:4)
  A worker ant zombie (D:6)
  Robin (D:3)
  A howler monkey skeleton (D:11)
  9 adders
  2 shadow imps
  2 oozes
  3 adder skeletons
  An adder zombie (D:7)
  A dart slug (D:2)
  2 worms
  4 leopard geckos
  45 orcs
  11 bats
  7 giant cockroaches
  14 goblins
  6 hobgoblins
  15 jackals
  3 quokkas
  5 ball pythons
  6 frilled lizards
  7 kobolds
  A quokka skeleton (D:5)
  9 rats
256 creatures vanquished.

Vanquished Creatures (collateral kills)
  2 deep trolls (Orc:1)
  A troll (Orc:1)
  A two-headed ogre (Orc:2)
  2 orc warriors (Orc:1)
  3 ogres
  2 orc wizards
  2 orcs
  A quokka (D:11)
14 creatures vanquished.

Vanquished Creatures (others)
  An orc knight (Orc:1)
  2 orc warriors
  An orc wizard (Orc:1)
  A centaur (D:11)
  An orc priest (Orc:1)
  11 orcs
17 creatures vanquished.

Grand Total: 287 creatures vanquished

Notes
Turn   | Place    | Note
-------+----------+-------------------------------------------
     0 | D:1      | JeffiDaFish the Hill Orc Fighter began the quest for the Orb.
     0 | D:1      | Reached XP level 1. HP: 19/19 MP: 1/1
   132 | D:1      | Reached XP level 2. HP: 26/27 MP: 2/2
   221 | D:1      | Reached skill level 3 in Axes
   839 | D:1      | Reached XP level 3. HP: 31/33 MP: 3/3
  1797 | D:2      | Reached skill level 4 in Axes
  1797 | D:2      | Reached XP level 4. HP: 40/40 MP: 4/4
  2216 | D:3      | Found a shattered altar of Ashenzari.
  2226 | D:3      | Noticed Vibarexel's ghost (weakling DEFE)
  2246 | D:3      | Killed Vibarexel's ghost
  2337 | D:3      | Found a deep blue altar of Sif Muna.
  2376 | D:3      | Found a basalt altar of Yredelemnul.
  2376 | D:3      | Found a stormy altar of Qazlal.
  2432 | D:3      | Noticed Robin
  2439 | D:3      | Reached XP level 5. HP: 44/46 MP: 5/5
  2467 | D:3      | Killed Robin
  2685 | D:3      | Reached skill level 5 in Axes
  2925 | D:3      | Reached XP level 6. HP: 52/52 MP: 6/6
  3251 | D:4      | Found Anaymits's Weapon Emporium.
  3347 | D:4      | Reached skill level 1 in Dodging
  3397 | D:4      | Noticed a hungry ghost
  3416 | D:4      | Killed a hungry ghost
  3416 | D:4      | Reached skill level 6 in Axes
  3416 | D:4      | Reached skill level 5 in Shields
  3416 | D:4      | Reached XP level 7. HP: 58/60 MP: 7/7
  3795 | D:5      | Entered Level 5 of the Dungeon
  3979 | D:5      | Reached skill level 7 in Axes
  4093 | D:5      | Reached skill level 5 in Fighting
  4106 | D:5      | Found a staircase to the Ecumenical Temple.
  4347 | D:5      | Reached skill level 8 in Axes
  4371 | D:5      | Got a twisted war axe
  4372 | D:5      | Identified the +5 war axe "Fyhathrist" {elec, -Tele MR+++ Int-3 Dex+8} (You found it on level 5 of the Dungeon)
  4606 | D:6      | Found a stormy altar of Qazlal.
  4735 | D:6      | Reached XP level 8. HP: 68/68 MP: 8/8
  4809 | D:6      | Became a worshipper of Beogh the Brigand
  4810 | D:6      | Found Roeg's Book Emporium.
  4824 | D:6      | Bought a book of Cantrips for 280 gold pieces
  4826 | D:6      | Learned a level 1 spell: Animate Skeleton
  4841 | D:6      | Found Lucvor's Food Shoppe.
  4921 | D:6      | Gained mutation: You are partially covered in large bone plates. (SH +4) [potion of mutation]
  4921 | D:6      | Gained mutation: You are mostly covered in large bone plates. (SH +6) [potion of mutation]
  4921 | D:6      | Gained mutation: Your system is resistant to poisons. (rPois) [potion of mutation]
  5222 | D:6      | Reached skill level 1 in Spellcasting
  5282 | D:6      | Found Ceffev's General Store.
  5283 | D:6      | Noticed Disciple's ghost (novice DrCj)
  5315 | D:6      | Killed Disciple's ghost
  5315 | D:6      | Reached skill level 9 in Axes
  5315 | D:6      | Reached skill level 5 in Armour
  5315 | D:6      | Reached skill level 1 in Necromancy
  5538 | D:7      | Noticed Prince Ribbit
  5552 | D:7      | Killed Prince Ribbit
  5552 | D:7      | Reached XP level 9. HP: 61/75 MP: 12/12
  6204 | D:8      | Reached * piety under Beogh
  6243 | D:8      | Found a roughly hewn altar of Beogh.
  6653 | D:8      | Reached skill level 10 in Axes
  6654 | D:8      | Reached ** piety under Beogh
  6780 | D:8      | Gained mutation: Your movements are slightly less encumbered by armour. (ER -2) [potion of beneficial mutation]
  6786 | D:8      | Reached XP level 10. HP: 84/84 MP: 16/16
  6830 | D:8      | Found a shadowy altar of Dithmenos.
  7846 | D:10     | Entered Level 10 of the Dungeon
  7879 | D:10     | Reached *** piety under Beogh
  7931 | D:10     | Lost mutation: Your system is resistant to poisons. (rPois) [potion of cure mutation]
  7931 | D:10     | Lost mutation: Your movements are slightly less encumbered by armour. (ER -2) [potion of cure mutation]
  7931 | D:10     | Lost mutation: You are mostly covered in large bone plates. (SH +6) [potion of cure mutation]
  7931 | D:10     | Lost mutation: You are partially covered in large bone plates. (SH +4) [potion of cure mutation]
  7984 | D:10     | You fall through a shaft!
  7986 | D:11     | Noticed a tengu warrior
  8001 | D:11     | Killed a tengu warrior
  8055 | D:11     | Reached skill level 5 in Spellcasting
  8087 | D:11     | Noticed a cyan ugly thing
  8096 | D:11     | Killed a cyan ugly thing
  8096 | D:11     | Reached skill level 11 in Axes
  8166 | D:11     | Found a staircase to the Orcish Mines.
  8246 | D:11     | Noticed Maurice
  8255 | D:11     | Killed Maurice
  8382 | D:11     | Reached XP level 11. HP: 91/94 MP: 18/18
  8581 | D:11     | Reached skill level 5 in Necromancy
  8867 | Orc:1    | Entered Level 1 of the Orcish Mines
  8874 | Orc:1    | Noticed an orc knight
  8883 | Orc:1    | Killed an orc knight
  9025 | Orc:2    | Entered Level 2 of the Orcish Mines
  9025 | Orc:2    | Found Unuestri's Armour Shop.
  9025 | Orc:2    | Found a radiant altar of Vehumet.
  9025 | Orc:2    | Noticed a deep troll
  9026 | Orc:2    | Found Nyvam's Antique Weapon Emporium.
  9027 | Orc:2    | Noticed a hill giant
  9028 | Orc:2    | Noticed a cyclops
  9033 | Orc:2    | Noticed an ogre mage
  9061 | Orc:2    | Noticed a cyclops
  9063 | Orc:2    | Noticed a hill giant
  9066 | Orc:1    | Killed a deep troll
  9066 | Orc:1    | Reached **** piety under Beogh
  9195 | Orc:2    | Noticed a deep troll
  9199 | Orc:1    | Gained Orbeogh as an ally
  9204 | Orc:1    | Killed a hill giant
  9464 | Orc:2    | Noticed an ogre mage
  9470 | Orc:1    | Your ally Orbeogh died
  9471 | Orc:1    | Killed a deep troll
  9698 | Orc:1    | Mangled by an ogre

Vault maps used:
D:1:      eino_arrival_water_star, lemuel_flame_loot_1
D:2:      minivault_27, corexii_leaking_fountain
D:3:      overflow_temple_1_default, lemuel_doored_altar,
          gammafunk_temple_overflow_pools, uniq_robin
D:4:      serial_shops, shop, first_bread
D:6:      basic_altar, serial_shops, kennysheep_little_box, shop, shop
D:7:      the_bakery, uniq_prince_ribbit1
D:8:      kennysheep_mini_moat, special_room, kennysheep_generic_room_8
D:10:     lair_0_dummy, kennysheep_small_spiral, grunt_ministairs_1
D:11:     orc_0_dummy, minivault_20, uniq_maurice
Orc:1:    uniq_fannar
Orc:2:    st_orc_open, lab_entry_generic, basic_altar, serial_shops,
          nicolae_shop_trees, elf_legates

Skill      XL: |  1  2  3  4  5  6  7  8  9 10 11 |
---------------+----------------------------------+-----
Axes           | 3 4 5 6 8 9 10 11 | 11.6
Shields        | 4 5 6 7 8 |  8.8
Armour         | 4 5 6 7 |  7.9
Fighting       | 4 5 6 7 8 |  8.5
Dodging        | 1 |  1.2
Spellcasting   | 2 4 5 6 |  6.1
Necromancy     | 2 3 4 5 |  5.6
Stealth        | |  0.5

Action                   |  1- 3 |  4- 6 |  7- 9 | 10-12 || total
-------------------------+-------+-------+-------+-------++-------
Melee: War axe           |   130 |   202 |   272 |   204 ||   808
 Cast: Animate Skeleton  |       |       |       |    18 ||    18
Invok: Convert to Beogh  |       |       |     1 |       ||     1
       Recall Orcish Fol |       |       |       |     2 ||     2
  Use: Scroll            |     5 |     3 |     4 |     2 ||    14
       Potion            |     3 |     3 |     6 |     4 ||    16
 Stab: Invisible         |       |       |     1 |       ||     1
  Eat: Chunk             |     1 |     7 |     6 |     4 ||    18
       Bread ration      |     1 |       |     2 |       ||     3
       Pizza             |       |       |     1 |     1 ||     2
Armor: Scale mail        |    59 |       |       |       ||    59
       Chain mail        |     1 |   118 |    70 |    62 ||   251
Dodge: Dodged            |    44 |    63 |    28 |    55 ||   190
Block: Shield            |    76 |   120 |   197 |   227 ||   620
       Reflection        |       |       |    13 |    10 ||    23
